 Dungeon Crawl Stone Soup version 0.23-a0-321-g6bcb69f (webtiles) character file.

753 lilbarb the Ogre Mage (level 7, 71/71 HPs)
             Began as an Ogre Ice Elementalist on Sept 7, 2018.
             Quit the game on level 4 of the Dungeon on Oct 15, 2018.
             The game lasted 00:39:11 (6299 turns).

lilbarb the Ogre Mage (Ogre Ice Elementalist)       Turns: 6299, Time: 00:39:12

Health: 71/71      AC:  4    Str: 13    XL:     7   Next: 78%
Magic:  14/14      EV: 10    Int: 18    God:
Gold:   327        SH:  0    Dex: 13    Spells: 4/15 levels left

rFire    . . .     SeeInvis .   b - +4 hunting sling
rCold    . . .     Gourm    .   (no shield)
rNeg     . . .     Faith    .   h - +1 robe
rPois    .         Spirit   .   (helmet restricted)
rElec    .         Reflect  .   (no cloak)
rCorr    .         Harm     .   (gloves unavailable)
MR       .....                  (boots unavailable)
Stlth    ++........             n - amulet of the acrobat
HPRegen  0.21/turn              q - +4 ring of dexterity
MPRegen  0.14/turn              (no ring)

@: no status effects
A: large, unfitting armour, tough skin 1
a: no special abilities


You were on level 4 of the Dungeon.
You were hungry.

You visited 1 branch of the dungeon, and saw 4 of its levels.

You collected 327 gold pieces.

Inventory:

Hand Weapons
 a - a +0 flail
 b - a +4 hunting sling (weapon)
 C - a +2 vampiric long sword
Missiles
 f - 107 stones (quivered)
 i - 14 sling bullets
 z - 25 poisoned needles
 A - 2 throwing nets
Armour
 h - a +1 robe (worn)
Jewellery
 n - an amulet of the acrobat (around neck)
 q - a +4 ring of dexterity (left hand)
Wands
 v - a wand of enslavement (19)
 y - a wand of iceblast (8)
Scrolls
 r - 4 scrolls of remove curse
Potions
 d - 2 potions of curing
 e - a potion of heal wounds {unknown}
 g - a potion of resistance
 k - a potion of agility {unknown}
 t - 2 potions of cancellation {unknown}
 u - a potion of lignification {unknown}
 w - a potion of flight {unknown}
Comestibles
 c - 7 rations


   Skills:
 + Level 4.7 Fighting
 - Level 1.7 Dodging
 - Level 1.4 Stealth
 + Level 4.7 Spellcasting
 - Level 4.0 Conjurations
 * Level 1.2 Summonings
 + Level 4.6 Ice Magic


You had 4 spell levels left.
You knew the following spells:

 Your Spells              Type           Power        Failure   Level  Hunger
a - Freeze                Ice            ###.         1%          1    None
b - Throw Frost           Conj/Ice       ###...       3%          2    #......
c - Throw Icicle          Conj/Ice       ###.....     22%         4    ####...
d - Summon Ice Beast      Ice/Summ       ##......     38%         4    ####...

Your spell library contained the following spells:

 Spells                   Type           Power        Failure   Level  Hunger
 Summon Small Mammal      Summ           #...         9%          1    None
 Call Imp                 Summ           #.......     13%         2    #......
 Ozocubu's Armour         Chrm/Ice       ##......     16%         3    ###....
 Call Canine Familiar     Summ           #.......     26%         3    ###....
 Summon Guardian Golem    Hex/Summ       #.......     32%         3    ###....
 Summon Lightning Spire   Summ/Air       #.......     71%         4    ####...


Dungeon Overview and Level Annotations

Branches:
Dungeon (4/15)
 Temple: D:4-7

Altars:
Ashenzari
Gozag


Innate Abilities, Weirdness & Mutations

You are too large for most types of armour.
You have tough skin. (AC +1)


Message History

You drop 2 potions of degeneration.
There is a stone staircase leading up here.
You see here 2 potions of degeneration.
Found 11 arrows.
All of the chunks of flesh in your inventory have rotted away.
You are feeling hungry.
Found 11 gold pieces.
Found 14 gold pieces.
You now have 316 gold pieces (gained 14).
Found 15 gold pieces.
Found 12 gold pieces.
(D) Dungeon
Where to? (? - help)
Okay, then.
You found a teleport trap!
You now have 327 gold pieces (gained 11).
Saving game... please wait.
Welcome back, lilbarb the Ogre Ice Elementalist.
Press ? for a list of commands and other information.
Are you sure you want to abandon this character and quit the game? (Confirm

..## #.# ##....##....###.## #
##.# #.#####.......###....##
##.## #...#....####.# #.(...#
###.####.......## #.###...#.## #
#..##..####..# ##.#....##.###
###.......####.## #...#.####..#
........^.......# #..##.# ##...
.##.............## #..#..###....
.####...###.....@####..#.........
.# *#..## ##....#.........######.
.#**...$#* ##..#####....### *#.
..,...$..#**#.## ##....**** *..
.##.......*#.## #.###.,,***.#
##**,,,,,,..#* *#.* *##,,,,.* *
*,,,,,..#* **..* **,,,,* **
**,,,,..*** **...* *,,*,,
,***,,****,,,*****..#,** *,,*,,


There were no monsters in sight!

Vanquished Creatures
  An ogre (D:3)
  3 gnoll shamans (D:3)
  2 orc wizards (D:3)
  Ijyb (D:3)
  37 gnolls
  3 adders
  2 worms
  4 dart slugs
  2 leopard geckos
  4 orcs (D:3)
  9 bats
  6 goblins
  10 hobgoblins
  18 jackals
  A ball python (D:3)
  4 frilled lizards
  6 kobolds
  7 rats
120 creatures vanquished.

Vanquished Creatures (collateral kills)
  An adder (D:3)
  An orc (D:3)
2 creatures vanquished.

Vanquished Creatures (others)
  An adder (D:3)
1 creature vanquished.

Grand Total: 123 creatures vanquished

Notes
Turn   | Place    | Note
-------+----------+-------------------------------------------
     0 | D:1      | lilbarb the Ogre Ice Elementalist began the quest for the
                  | Orb.
     0 | D:1      | Reached XP level 1. HP: 16/16 MP: 3/3
   419 | D:1      | Reached XP level 2. HP: 26/26 MP: 3/5
   557 | D:1      | Reached skill level 1 in Fighting
   731 | D:1      | Learned a level 2 spell: Throw Frost
   985 | D:1      | Reached XP level 3. HP: 33/33 MP: 2/7
  1979 | D:1      | Reached skill level 1 in Conjurations
  2122 | D:2      | Found a shattered altar of Ashenzari.
  2241 | D:2      | Found an opulent altar of Gozag.
  2315 | D:2      | Reached XP level 4. HP: 38/42 MP: 1/8
  3136 | D:3      | Learned a level 4 spell: Throw Icicle
  3159 | D:3      | Reached XP level 5. HP: 50/50 MP: 8/10
  4067 | D:3      | Noticed Ijyb
  4079 | D:3      | Killed Ijyb
  4079 | D:3      | Reached XP level 6. HP: 61/61 MP: 5/11
  4132 | D:3      | Learned a level 4 spell: Summon Ice Beast
  4925 | D:3      | Reached XP level 7. HP: 53/68 MP: 6/13
  5692 | D:3      | Reached skill level 1 in Summonings
  6299 | D:4      | Upgraded the game from 0.23-a0-151-gf6d1ed2 to
                  | 0.23-a0-321-g6bcb69f
  6299 | D:4      | Quit the game

Vault maps used:
D:1:      lemuel_arrival_hallway, serial_forest, infiniplex_forest_lined_ring,
          infiniplex_forest_side_room, infiniplex_forest_clump_diagonal,
          infiniplex_forest_straight_4, infiniplex_forest_lined_2,
          infiniplex_forest_clump_double, infiniplex_forest_clump_tiny,
          infiniplex_forest_pool, minmay_hexomino_f4
D:2:      ashenzari_conservatory_becter, grunt_gozag_statues
D:3:      lemuel_castle_with_subvaults, first_ration, guppyfry_early_orc_mine,
          uniq_ijyb
D:4:      lemuel_round_altar, kennysheep_generic_room_7

Skill      XL: |  1  2  3  4  5  6  7 |
---------------+----------------------+-----
Ice Magic      | 3 4 |  4.6
Fighting       | 1 2 3 4 |  4.7
Spellcasting   | 3 4 |  4.7
Conjurations   | 1 2 3 4 |  4.0
Summonings     | 1 |  1.2
Dodging        | |  1.7
Stealth        | |  1.4

Action                   |  1- 3 |  4- 6 |  7- 9 || total
-------------------------+-------+-------+-------++-------
Melee: Unarmed           |    11 |       |       ||    11
       Short sword       |     7 |     1 |       ||     8
       Flail             |       |       |     4 ||     4
 Fire: Hunting sling     |     7 |   161 |    59 ||   227
Throw: Stone             |    16 |       |       ||    16
 Cast: Freeze            |    42 |    60 |    44 ||   146
       Throw Frost       |    19 |    20 |    12 ||    51
       Throw Icicle      |       |       |     1 ||     1
Evoke: Wand              |       |     1 |       ||     1
  Use: Scroll            |       |     1 |     7 ||     8
       Potion            |       |     1 |     1 ||     2
 Stab: Sleeping          |     1 |       |       ||     1
  Eat: Chunk             |     5 |     9 |     4 ||    18
Armor: Robe              |    13 |     9 |     4 ||    26
Dodge: Dodged            |    23 |    24 |    18 ||    65

Table legend:
 A = Non-vault XP
 B = Vault XP
 C = Vault XP percentage of total XP
 D = Non-vault monster count
 E = Vault monster count
 F = Vault count percentage of total count
                 A         B        C        D         E       F
            +---------+---------+-------+---------+---------+-------
      Total |     251 |     825 |  76.7 |      55 |      67 |  54.9
            +---------+---------+-------+---------+---------+-------
        D:1 |      59 |      13 |  18.1 |      25 |       7 |  21.9
        D:2 |      73 |       0 |   0.0 |      14 |       0 |   0.0
        D:3 |     119 |     812 |  87.2 |      16 |      60 |  78.9
            +---------+---------+-------+---------+---------+-------
